 Dungeon Crawl Stone Soup version 0.31-a0-844-gdc52ec4e09 (webtiles) character file.

Game seed: 1280899062308138507

46 JackS81 the Magician (level 3, 0/25 HPs)
             Began as a Djinni Ice Elementalist on Sept 30, 2023.
             Was a Believer of Zin.
             Slain by a gnoll
             ... wielding a +0 halberd
              (11 damage)
             ... on level 2 of the Dungeon.
             The game lasted 00:06:33 (1157 turns).

JackS81 the Magician (Djinni Ice Elementalist)      Turns: 1157, Time: 00:06:34

Health: 0/25       AC:  8    Str:  9    XL:     3   Next: 95%
Gold:   98         EV: 12    Int: 16    God:    Zin [**....] SH:  0 Dex: 13

rFire   + + .        c - +3 dagger
rCold   x . .        (no shield)
rNeg    . . .        a - +0 robe
rPois   ∞            (no helmet)
rElec   .            (no cloak)
rCorr   .            (no gloves)
SInv    .            (boots unavailable)
Will    .....        (no amulet)
Stlth   ++           (no ring)
HPRegen 0.24/turn    (no ring)
MPRegen 0.00/turn

%: infuse magic (-1 HP)
@: ice-armoured, attractive, flying
A: sickness immunity, fire resistance 2, cold vulnerability 1, float, innate
caster, HP casting, extra vitality 1
a: Renounce Religion, Recite, Vitalisation, Donate Gold


You were on level 2 of the Dungeon.
You worshipped Zin.
Zin was pleased with you.
You visited 1 branch of the dungeon, and saw 2 of its levels.

You collected 108 gold pieces.
You donated 10 gold pieces to Zin.

Inventory:

Hand Weapons
 b - a +0 whip
 c - a +3 dagger (weapon)
Missiles
 d - 20 stones
 i - 2 poisoned darts
 k - a throwing net
Armour
 a - a +0 robe (worn)
Scrolls
 e - a scroll of vulnerability {unknown}
 g - 2 scrolls of enchant weapon {unknown}
 j - a scroll of poison {unknown}
Potions
 f - a potion of curing
 h - a potion of attraction


   Skills:
 - Level 2.1 Dodging
 - Level 1.5 Stealth
 * Level 4.2 Spellcasting
 * Level 4.2 Conjurations
 * Level 4.2 Hexes
 * Level 4.2 Summonings
 * Level 4.2 Necromancy
 * Level 4.2 Translocations
 * Level 4.2 Transmutations
 * Level 4.2 Fire Magic
 * Level 4.2 Ice Magic
 * Level 4.2 Air Magic
 * Level 4.2 Earth Magic
 * Level 4.2 Poison Magic


You knew the following spells:

 Your Spells              Type           Power      Damage    Failure   Level
a - Freeze                Ice            68%        1d8       2%          1
b - Frozen Ramparts       Ice            34%        1d6       9%          3
c - Ozocubu's Armour      Ice            17%        N/A       9%          3
d - Summon Ice Beast      Ice/Summ       17%        N/A       28%         4
e - Slow                  Hex            68%        N/A       2%          1
Your spell library was empty.

Dungeon Overview and Level Annotations

Branches:
Dungeon (2/15)

Altars:
Zin


Innate Abilities, Weirdness & Mutations

You are immune to sickness and miasma.
You are immune to poison.
Your flesh is very heat resistant. (rF++)
You are vulnerable to cold. (rC-)
You float through the air rather than walking.
You learn spells naturally, not from books.
Your magical power is your life essence.
You have superior vitality. (+4 MHP)


Message History

A rat comes into view.
Casting: Frozen Ramparts (quite dangerous; 9% risk of failure)
Confirm with . or Enter, or press ? or * to list all spells.
A film of ice covers your body!
You closely miss the gnoll. The gnoll hits you with a +0 whip.
You closely miss the gnoll. The gnoll hits you but does no damage.
You hit the gnoll.
The gnoll is lightly wounded.
The gnoll misses you.
The gnoll hits you from afar with a +0 halberd!
Okay, then.
Casting: Ozocubu's Armour (quite dangerous; 9% risk of failure)
Confirm with . or Enter, or press ? or * to list all spells.
Aiming: Freeze (safe; 2% risk of failure)
Press: ? - help, Shift-Dir - straight line, f - gnoll
Aim: a gnoll, wielding a +0 whip (lightly wounded)
You freeze the gnoll.
The gnoll is moderately wounded.
The gnoll hits you but does no damage. The gnoll barely misses you.
Casting: Freeze (safe; 2% risk of failure)
Confirm with . or Enter, or press ? or * to list all spells.
Aiming: Freeze (safe; 2% risk of failure)
Press: ? - help, Shift-Dir - straight line, f/p - gnoll
Aim: a gnoll, wielding a +0 whip (moderately wounded)
You freeze the gnoll.
The gnoll is severely wounded.
The gnoll closely misses you.
The gnoll hits you from afar with a +0 halberd.
It was a potion of curing.
You feel better. The gnoll misses you.
The gnoll hits you from afar with a +0 halberd!
It was a potion of attraction.
You feel attractive to monsters. The gnoll hits you but does no damage.
The gnoll closely misses you.
You hit the gnoll.
The gnoll is severely wounded.
The gnoll hits you but does no damage. The gnoll closely misses you.
You hit the gnoll.
You kill the gnoll!
The gnoll hits you from afar with a +0 halberd!
You die...

#.##.....P....#..# #.#
##.##.P####....#..# #########.#
##.##..#..#....#..###.........###
.......#.†#......................
##.##..##'#..r.#..###>...†....###
#.##.............# #.........###
##.##..........##.###............
##.#####...#...##................
##.# #.###..r)@................
##.#####.# #..g######.#.#####....
.<.†...#.# #........#.#.# #....
...###.#.# #.........<#.#####....
.### #.# #.g.###...............
... #.# #...#......#.#####....
...# #.# #...#.#..#.#.# ...#
#g..#.#.†#.#.# ....
#...#.#..#.#.#


You could see a gnoll and a rat.

Vanquished Creatures
  A gnoll (D:2)
  3 dart slugs (D:1)
  6 ball pythons
  6 endoplasms (D:1)
  2 goblins (D:1)
  3 hobgoblins
  A quokka (D:1)
  6 bats
  2 frilled lizards (D:1)
  5 kobolds
  6 rats
41 creatures vanquished.

Notes
Turn   | Place    | Note
-------+----------+-------------------------------------------
     0 | D:1      | JackS81 the Djinni Ice Elementalist began the quest for the
                  | Orb.
     0 | D:1      | JackS81 set off with the following spells memorised:
                  | Freeze, Frozen Ramparts, Ozocubu's Armour, Summon Ice
                  | Beast.
     0 | D:1      | Reached XP level 1. HP: 15/15 MP: 0/0
   126 | D:1      | Reached XP level 2. HP: 21/21 MP: 0/0
   376 | D:1      | Reached XP level 3. HP: 25/25 MP: 0/0
   376 | D:1      | Learned a level 1 spell: Slow
   679 | D:1      | Found a faded altar of an unknown god.
   687 | D:1      | Prayed at the altar of an unknown god.
   687 | D:1      | Became a worshipper of Zin the Law-Giver
   687 | D:1      | Reached * piety under Zin
   976 | D:2      | Reached ** piety under Zin
  1157 | D:2      | Slain by a gnoll

Illustrated notes

Levels and vault maps discovered:
D:1:      amcnicky_arrival_abandoned_market, layout_basic,
          dreamdust_ecumenical_altar_statues, hangedman_decor_points,
          kennysheep_pointless_box, minmay_misc_feat_columns, nicolae_titane
D:2:      layout_basic, corexii_shack

Skill      XL: |  1  2  3 |
---------------+----------+-----
Spellcasting   | 4 |  4.2
Conjurations   | 4 |  4.2
Hexes          | 4 |  4.2
Summonings     | 4 |  4.2
Necromancy     | 4 |  4.2
Translocations | 4 |  4.2
Transmutations | 4 |  4.2
Fire Magic     | 4 |  4.2
Ice Magic      | 4 |  4.2
Air Magic      | 4 |  4.2
Earth Magic    | 4 |  4.2
Poison Magic   | 4 |  4.2
Dodging        | |  2.1
Stealth        | |  1.5

Action                     || total
---------------------------++-------
  Melee: Dagger            ||    65
   Cast: Freeze            ||    17
         Ozocubu's Armour  ||     1
    Use: Potion            ||     2
   Stab: Sleeping          ||     9
 Armour: Robe              ||    31
  Dodge: Dodged            ||    43

Table legend: (Time is in decaauts)
 A = Elapsed time spent in this place.
 B = Non-inter-level travel time spent in this place.
 C = Inter-level travel time spent in this place.
 D = Time resting spent in this place.
 E = Time spent auto-exploring this place.
 F = Levels seen in this place.
 G = Mean time per level.
                   A        B        C        D        E       F      G
               +--------+--------+--------+--------+--------+-----+--------+
         Total |   1155 |   1121 |     34 |      0 |    788 |   2 |  577.5 |
       Dungeon |   1155 |   1121 |     34 |      0 |    788 |   2 |  577.5 |
               +--------+--------+--------+--------+--------+-----+--------+

Top non-repeatable levels by time:
     D:1: 950 daAuts
     D:2: 205 daAuts
